 Dungeon Crawl Stone Soup version 0.23.2 (webtiles) character file.

Game seed: 11930270373522682776

50906 Kairos the Impaler (level 14, -1/119 HPs)
             Began as a Formicid Abyssal Knight on Apr 13, 2019.
             Was the Champion of Lugonu.
             Slain by a wolf spider (14 damage)
             ... on level 4 of the Lair of Beasts.
             The game lasted 00:40:00 (17666 turns).

Kairos the Impaler (Formicid Abyssal Knight)       Turns: 17666, Time: 00:40:01

Health: -1/119     AC: 24    Str: 24    XL:     14   Next: 99%
Magic:  17/17      EV:  8    Int: 13    God:    Lugonu [******]
Gold:   110        SH:  9    Dex: 15    Spells: 11/13 levels left

rFire    . . .     SeeInvis +   m - +3 demon trident
rCold    . . .     Gourm    .   U - +3 buckler
rNeg     . . .     Faith    .   e - +7 plate armour
rPois    +         Spirit   .   (helmet unavailable)
rElec    .         Reflect  .   (no cloak)
rCorr    +         Harm     .   D - +0 pair of gloves {Dex+3}
MR       +....                  (no boots)
Stlth    ..........             s - amulet of regeneration
HPRegen  0.69/turn              G - ring of Generosity {*Contam rPois Str+3 SInv}
MPRegen  0.15/turn              I - ring of resist corrosion

@: no status effects
A: permanent stasis, dig shafts and tunnels, four strong arms, antennae 3, claws
1, thin skeletal structure 1, camouflage 1
a: Dig, Shaft Self, Depart the Abyss, Bend Space, Banish, Corrupt, Enter the
Abyss, Brand Weapon With Distortion, Renounce Religion


You were on level 4 of the Lair of Beasts.
You worshipped Lugonu.
Lugonu was exalted by your worship.
You were not hungry.

You visited 3 branches of the dungeon, and saw 17 of its levels.
You visited the Abyss 2 times.
You also visited: Ossuary.

You collected 1005 gold pieces.
You spent 895 gold pieces at shops.

Inventory:

Hand Weapons
 m - a +3 demon trident (weapon)
 x - a +0 hand crossbow
 X - a +0 bardiche
Missiles
 k - 2 throwing nets
 q - 158 bolts
 O - 4 javelins of returning (quivered)
Armour
 e - a +7 plate armour (worn)
 D - a +0 pair of gloves of dexterity (worn)
 U - a +3 buckler (worn)
Jewellery
 b - an uncursed ring of fire
 s - an amulet of regeneration (around neck)
 y - an uncursed amulet of the acrobat {unknown}
 G - the ring of Generosity (left hand) {*Contam rPois Str+3 SInv}
   (You found it on level 6 of the Lair of Beasts)

   [ring of see invisible]

   It affects your strength (+3).
   It protects you from poison.
   It lets you see invisible.
   It causes magical contamination when unequipped.
 I - a ring of resist corrosion (right hand)
 S - an uncursed ring of poison resistance
 T - an uncursed ring of positive energy
 Y - an uncursed ring of positive energy
Wands
 r - a wand of scattershot (10)
 u - a wand of acid (3)
 w - a wand of flame (30)
 E - a wand of iceblast (11)
 W - a wand of polymorph (5)
Scrolls
 a - 2 scrolls of silence
 n - a scroll of holy word
 p - 5 scrolls of magic mapping
 v - 6 scrolls of amnesia
 A - a scroll of identify
 C - 2 scrolls of fear
 F - a scroll of fog {unknown}
 K - a scroll of brand weapon {unknown}
 M - 6 scrolls of remove curse
 N - 2 scrolls of blinking {unknown}
 V - a scroll of enchant weapon {unknown}
 Z - a scroll of immolation {unknown}
Potions
 d - 4 potions of lignification
 f - 6 potions of curing
 g - 6 potions of heal wounds
 h - 7 potions of might
 i - 5 potions of mutation
 j - 9 potions of brilliance
 l - 5 potions of cancellation
 o - 2 potions of invisibility
 t - 5 potions of degeneration {unknown}
 z - 4 potions of magic {unknown}
 B - 6 potions of haste {unknown}
 H - 2 potions of ambrosia {unknown}
 P - a potion of flight {unknown}
 Q - 5 potions of agility {unknown}
 R - a potion of berserk rage {unknown}
Miscellaneous
 L - a phantom mirror
Comestibles
 c - 23 rations


   Skills:
 + Level 13.9 Fighting
 + Level 15.3 Polearms
 + Level 12.1 Armour
 + Level 2.0 Dodging
 + Level 4.9 Stealth
 + Level 9.1 Shields
 + Level 2.6 Invocations
 + Level 4.8 Evocations


You had 11 spell levels left.
You knew the following spells:

 Your Spells              Type           Power        Failure   Level  Hunger
a - Slow                  Hex            #.......     99%         2    ###....

Your spell library contained the following spells:

 Spells                   Type           Power        Failure   Level  Hunger
 Apportation              Tloc           #.....       96%         1    ##.....
 Flame Tongue             Conj/Fire      #....        96%         1    ##.....
 Freeze                   Ice            #...         96%         1    ##.....
 Magic Dart               Conj           #...         96%         1    ##.....
 Summon Butterflies       Summ           #.......     96%         1    ##.....
 Summon Small Mammal      Summ           #...         96%         1    ##.....
 Call Imp                 Summ           #.......     99%         2    ###....
 Passwall                 Tmut/Erth      #.......     99%         2    ###....
 Swiftness                Chrm/Air       #.......     99%         2    ###....
 Throw Flame              Conj/Fire      #.....       99%         2    ###....
 Throw Frost              Conj/Ice       #.....       99%         2    ###....
 Call Canine Familiar     Summ           #.......     100%        3    ####...
 Conjure Flame            Conj/Fire      #.......     100%        3    ####...
 Inner Flame              Hex/Fire       #.......     100%        3    ####...
 Lesser Beckoning         Tloc           #.........   100%        3    ####...
 Mephitic Cloud           Conj/Pois/Air  #.......     100%        3    ####...
 Ozocubu's Armour         Chrm/Ice       #.......     100%        3    ####...
 Summon Guardian Golem    Hex/Summ       #.......     100%        3    ####...
 Tukima's Dance           Hex            #.......     100%        3    ####...
 Passage of Golubria      Tloc           N/A          100%        4    #####..
 Sticky Flame             Conj/Fire      #.......     100%        4    #####..
 Summon Ice Beast         Ice/Summ       #.......     100%        4    #####..
 Summon Lightning Spire   Summ/Air       #.......     100%        4    #####..
 Throw Icicle             Conj/Ice       #.......     100%        4    #####..
 Alistair's Intoxication  Tmut/Pois      #.......     100%        5    ######.
 Fireball                 Conj/Fire      #.........   100%        5    ######.
 Lee's Rapid Deconstruct  Erth           #.........   100%        5    ######.
 Silence                  Hex/Air        #.........   100%        5    ######.
 Conjure Ball Lightning   Conj/Air       #.........   100%        6    #######
 Darkness                 Hex            #.........   100%        6    #######
 Deflect Missiles         Chrm/Air       #.........   100%        6    #######
 Invisibility             Hex            #.......     100%        6    #######
 Tornado                  Air            #.........   100%        9    #######
 Blink                    Tloc           Unusable     N/A         2    N/A

Dungeon Overview and Level Annotations

Branches:
Dungeon (10/15)            Temple (0/1) D:5            Lair (6/6) D:9
  Swamp (0/4) Lair:4       Spider (1/4) Lair:4        Slime (0/5) Lair:5
    Orc (0/2) D:10

Altars:
Cheibriados
Hepliaklqana
Kikubaaqudgha
Nemelex Xobeh
Okawaru
Trog
Beogh
Jiyva

Shops:
D:8 *   D:10 =

Annotations:
Lair:1 exclusion: 3 oklob plants
Lair:3 2 transporters


Innate Abilities, Weirdness & Mutations

You cannot be hasted, slowed, berserked, paralysed or teleported.
You can dig through walls and to a lower floor.
Your four strong arms can wield two-handed weapons with a shield.
You have a pair of large antennae on your head. (SInv)
You have sharp fingernails.
You have a somewhat thin skeletal structure. (Dex +2, Stealth)
Your skin changes colour to match your surroundings (Stealth+).


Message History

The wolf spider hits you but does no damage.
You block the wolf spider's attack.
You hit the wolf spider.
The wolf spider is lightly wounded.
The wolf spider closely misses you. The wolf spider bites you.
* * * LOW HITPOINT WARNING * * *
You impale the wolf spider!!
The wolf spider is heavily wounded.
You block the wolf spider's attack. x2
You hit the wolf spider but do no damage.
The wolf spider is heavily wounded.
You block the wolf spider's attack. x2
You puncture the wolf spider!
The wolf spider is severely wounded.
You block the wolf spider's attack. The wolf spider bites you!
* * * LOW HITPOINT WARNING * * *
Your plate armour prevents you from hitting the wolf spider.
The wolf spider is severely wounded.
The wolf spider hits you!
You die...

#####....P......# .##
#.....P#....# #)#
##...######.#
.#####...P#P#...####
####............#..#
................#.###
....................##
................P##..#
........####.###@###.##
........####^#^s## #.P#
........##^'.>.'.###.##
.......###.≈...≈^.##..#
........#..≈≈≈≈≈^.##.##
........##.#≈≈.≈.##..#
.#.#...###.^.#.#.#...###
.###....##^.#.#...#..#.#
.#..P...^#...#...#....##


You could see a wolf spider.

Vanquished Creatures
  6 hydras
  A catoblepas (Lair:6)
  A death knight (D:9)
  A deep troll shaman (Lair:6)
  9 death yaks
  Urug (D:10)
  Sonja (Lair:4)
  2 swamp dragons (Lair:5)
  Pikel (D:8)
  An orb spider (Lair:4)
  4 wolf spiders
  4 elephants (Lair:6)
  9 spiny frogs
  7 black mambas
  A torpor snail (Lair:6)
  4 rime drakes
  3 komodo dragons
  6 jumping spiders (Spider:1)
  A troll (D:10)
  2 bog bodies (Lair:4)
  2 polar bears
  A slime creature (Lair:5)
  A hornet (Spider:1)
  8 hippogriffs
  4 blink frogs
  5 dream sheep (Lair:6)
  8 redbacks (Spider:1)
  3 tarantellas (Spider:1)
  2 wyverns
  47 yaks
  8 spriggans (Lair:2)
  A vampire mosquito (Lair:5)
  A hungry ghost (D:7)
  Edmund (D:4)
  8 swamp worms
  8 water moccasins
  7 porcupines
  2 swamp drakes (Lair:5)
  11 orc warriors
  5 black bears
  An eye of draining (D:7)
  A phantom (D:9)
  11 wolves
  6 centaurs
  2 necrophages (D:9)
  5 ogres
  14 crocodiles
  3 big kobolds
  18 bullfrogs
  A water moccasin zombie (Ossuary)
  A scorpion (D:5)
  A water moccasin skeleton (D:8)
  4 killer bees (D:9)
  An electric eel (Lair:4)
  A bullfrog zombie (D:5)
  8 crimson imps
  7 jellies
  8 orc priests
  A centaur skeleton (D:7)
  6 hounds
  5 orc wizards
  A bullfrog skeleton (D:4)
  An iguana (D:4)
  Natasha (D:3)
  4 worker ants
  2 big kobold zombies (Ossuary)
  A hound zombie (D:5)
  2 mummies (Ossuary)
  A worker ant zombie (D:5)
  4 gnolls (D:6)
  10 adders
  2 shadow imps
  A white imp (D:5)
  5 oozes (D:8)
  6 adder zombies
  3 adder skeletons
  7 worms
  A dart slug (D:2)
  6 leopard geckos
  48 orcs
  2 giant cockroaches
  4 gnoll zombies (Ossuary)
  5 goblins
  5 hobgoblins
  2 jackals (D:6)
  20 kobolds
  2 quokkas
  2 ball pythons
  6 bats
  2 frilled lizards
  8 hobgoblin zombies (Ossuary)
  6 kobold zombies (Ossuary)
  4 orc zombies (Ossuary)
  A quokka skeleton (D:8)
  8 rats
  A bush (D:6)
487 creatures vanquished.

Vanquished Creatures (collateral kills)
  A hippogriff (Lair:4)
1 creature vanquished.

Vanquished Creatures (others)
  An unseen horror (D:10)
  3 fungi
  3 plants
7 creatures vanquished.

Grand Total: 495 creatures vanquished

Notes
Turn   | Place    | Note
-------+----------+-------------------------------------------
     0 | Abyss:1  | Kairos the Formicid Abyssal Knight began the quest for the
                  | Orb.
     0 | Abyss:1  | Reached XP level 1. HP: 18/18 MP: 2/2
    44 | Abyss:2  | Noticed a ynoxinul
    56 | Abyss:2  | Noticed a starcursed mass
    57 | D:1      | Escaped the Abyss
   357 | D:1      | Reached XP level 2. HP: 24/24 MP: 3/3
   513 | D:1      | Reached * piety under Lugonu
  1028 | D:2      | Reached XP level 3. HP: 7/30 MP: 4/4
  1330 | D:2      | Found a hazy altar of Hepliaklqana.
  1501 | D:2      | You fall through a shaft!
  1581 | D:3      | Reached XP level 4. HP: 37/37 MP: 5/5
  1595 | D:3      | Reached skill level 1 in Dodging
  1783 | D:2      | Reached skill level 3 in Polearms
  1896 | D:2      | Reached ** piety under Lugonu
  2135 | D:2      | Reached XP level 5. HP: 42/42 MP: 6/6
  2817 | D:4      | Noticed Natasha
  2818 | D:4      | Noticed an ogre
  2832 | D:3      | HP: 2/43 [poisoned by an orc]
  2834 | D:3      | Reached skill level 4 in Polearms
  3255 | D:2      | Killed an ogre
  3255 | D:2      | Reached XP level 6. HP: 5/49 MP: 7/7
  3345 | D:3      | Killed Natasha
  3375 | D:4      | Reached skill level 5 in Polearms
  3481 | D:4      | Found a bloodstained altar of Trog.
  3524 | D:4      | Reached XP level 7. HP: 53/55 MP: 8/8
  3782 | D:4      | Noticed Edmund
  3808 | D:4      | Killed Edmund
  3808 | D:4      | Reached skill level 5 in Fighting
  3808 | D:4      | Reached skill level 6 in Polearms
  4148 | D:5      | Entered Level 5 of the Dungeon
  4417 | D:5      | Reached *** piety under Lugonu
  4438 | D:5      | Found a staircase to the Ecumenical Temple.
  4524 | D:5      | Reached XP level 8. HP: 62/62 MP: 9/9
  4819 | D:5      | Noticed a komodo dragon
  4831 | D:5      | Gained mutation: You have a somewhat thin skeletal
                  | structure. (Dex +2, Stealth) [potion of mutation]
  4831 | D:5      | Gained mutation: Your skin changes colour to match your
                  | surroundings (Stealth+). [potion of mutation]
  4831 | D:5      | Gained mutation: You have sharp fingernails. [potion of
                  | mutation]
  4833 | D:5      | Reached skill level 5 in Armour
  4845 | D:5      | Killed a komodo dragon
  4845 | D:5      | Reached skill level 7 in Polearms
  4845 | D:5      | Reached skill level 1 in Evocations
  4922 | D:5      | Reached skill level 1 in Stealth
  4974 | D:5      | Reached XP level 9. HP: 68/69 MP: 10/10
  5072 | D:5      | Found an ancient bone altar of Kikubaaqudgha.
  5340 | D:6      | Reached skill level 8 in Polearms
  5441 | D:6      | Found a snail-covered altar of Cheibriados.
  5520 | D:6      | Found an iron altar of Okawaru.
  5644 | D:6      | Reached **** piety under Lugonu
  6967 | D:8      | Found a sand-covered staircase.
  6977 | Ossuary  | Entered an ossuary
  7072 | Ossuary  | Reached XP level 10. HP: 74/79 MP: 12/12
  7113 | Ossuary  | Reached skill level 9 in Polearms
  7258 | D:8      | Reached ***** piety under Lugonu
  7378 | D:8      | Found a roughly hewn altar of Beogh.
  7810 | D:8      | Found Vuups's Assorted Antiques.
  7836 | D:8      | Bought a moonstone ring for 90 gold pieces
  7836 | D:8      | Bought a glaive for 117 gold pieces
  7872 | D:8      | Found a sparkling altar of Nemelex Xobeh.
  8049 | D:8      | Reached skill level 10 in Polearms
  8100 | D:8      | Learned a level 2 spell: Slow
  8149 | D:8      | Reached skill level 1 in Shields
  8249 | D:8      | Noticed Pikel
  8254 | D:8      | Killed Pikel
  8523 | D:9      | Noticed a death knight
  8548 | D:9      | Killed a death knight
  8610 | D:9      | Reached XP level 11. HP: 86/87 MP: 13/13
  8665 | D:9      | Reached skill level 11 in Polearms
  9095 | D:9      | Found a staircase to the Lair.
  9361 | D:10     | Entered Level 10 of the Dungeon
  9657 | D:10     | Noticed an unseen horror
  9665 | D:10     | Killed an unseen horror
  9670 | D:10     | Reached skill level 12 in Polearms
  9831 | D:10     | Noticed Urug
  9838 | D:10     | Found a staircase to the Orcish Mines.
  9840 | D:10     | Found Jirph's Jewellery Emporium.
  9925 | D:10     | Killed Urug
  9954 | D:10     | Bought an uncursed ring of poison resistance for 320 gold
                  | pieces
 10036 | Lair:1   | Entered Level 1 of the Lair of Beasts
 10144 | Lair:1   | Reached ****** piety under Lugonu
 10181 | Lair:1   | Reached XP level 12. HP: 53/97 MP: 15/15
 10744 | Lair:1   | Reached skill level 10 in Fighting
 11603 | Lair:2   | Reached skill level 13 in Polearms
 11743 | Lair:2   | Found an iron altar of Okawaru.
 12286 | Lair:3   | Noticed a six-headed hydra
 12304 | Lair:3   | Killed a six-headed hydra
 12395 | Lair:3   | Reached skill level 10 in Armour
 12750 | Lair:3   | Found a transporter.
 12765 | Lair:3   | Reached skill level 5 in Shields
 12815 | Lair:3   | Noticed a death yak
 12817 | Lair:3   | Noticed a death yak
 12817 | Lair:3   | Noticed a death yak
 12817 | Lair:3   | Noticed a death yak
 12818 | Lair:3   | Noticed a death yak
 12848 | Lair:3   | Killed a death yak
 12848 | Lair:3   | Reached XP level 13. HP: 90/106 MP: 16/16
 12865 | Lair:3   | Reached skill level 14 in Polearms
 13036 | Lair:3   | Found a transporter.
 13406 | Lair:4   | Noticed Sonja
 13424 | Lair:4   | Cast into level 1 of the Abyss (Sonja)
 13514 | Lair:4   | Escaped the Abyss
 13518 | Lair:4   | Killed Sonja
 13874 | Lair:4   | Noticed a five-headed hydra
 13882 | Lair:4   | Killed a five-headed hydra
 13909 | Lair:4   | Noticed a four-headed hydra
 13923 | Lair:4   | Killed a four-headed hydra
 14213 | Lair:4   | Found a staircase to the Swamp.
 14367 | Lair:4   | Found a hole to the Spider Nest.
 14667 | Lair:5   | Found a staircase to the Slime Pits.
 14667 | Lair:5   | Found a viscous altar of Jiyva.
 14933 | Lair:5   | Noticed a five-headed hydra
 14950 | Lair:5   | Killed a five-headed hydra
 15012 | Lair:5   | Reached XP level 14. HP: 114/116 MP: 17/17
 15807 | Lair:6   | Entered Level 6 of the Lair of Beasts
 15882 | Lair:6   | Reached skill level 15 in Polearms
 16855 | Lair:6   | Got a shimmering jade ring
 16857 | Lair:6   | Identified the ring of Generosity {*Contam rPois Str+3
                  | SInv} (You found it on level 6 of the Lair of Beasts)
 17061 | Spider:1 | Entered Level 1 of the Spider Nest
 17362 | D:10     | Bought an uncursed ring of resist corrosion for 320 gold
                  | pieces
 17362 | D:10     | Bought a +1 ring of protection for 48 gold pieces
 17666 | Lair:4   | Slain by a wolf spider

Skill      XL: |  1  2  3  4  5  6  7  8  9 10 11 12 13 14 |
---------------+-------------------------------------------+-----
Fighting       | 4 5 6 7 8 9 11 12 13 | 13.9
Dodging        | 1 2 |  2.0
Polearms       | 3 4 5 6 7 8 10 12 13 14 15 | 15.3
Armour         | 3 4 5 7 8 9 10 11 12 | 12.1
Evocations     | 1 2 3 4 |  4.8
Stealth        | 1 2 3 4 |  4.9
Shields        | 2 3 5 6 9 |  9.1
Invocations    | |  2.6

Action                   |  1- 3 |  4- 6 |  7- 9 | 10-12 | 13-15 || total
-------------------------+-------+-------+-------+-------+-------++-------
Melee: Spear             |   124 |   258 |   330 |       |       ||   712
       Trident           |       |       |   250 |   129 |       ||   379
       Glaive            |       |       |       |   363 |       ||   363
       Demon trident     |       |       |       |   381 |   892 ||  1273
Throw: Throwing net      |       |       |       |       |     2 ||     2
Invok: Depart the Abyss  |     1 |       |       |       |     1 ||     2
 Abil: Dig               |       |     1 |     5 |    11 |    22 ||    39
Evoke: Wand              |       |       |    23 |    16 |     1 ||    40
  Use: Scroll            |     2 |     5 |    10 |     7 |     3 ||    27
       Potion            |     1 |     2 |     2 |       |     2 ||     7
 Stab: Invisible         |       |       |     2 |       |       ||     2
       Confused          |       |       |       |     2 |       ||     2
       Petrified         |       |       |       |       |     6 ||     6
  Eat: Chunk             |     1 |     4 |     8 |    15 |     7 ||    35
       Ration            |       |     1 |     3 |     2 |     4 ||    10
Armor: Plate armour      |    57 |   154 |   312 |   431 |   312 ||  1266
       Leather armour    |     2 |       |       |       |       ||     2
Dodge: Dodged            |    27 |    63 |   156 |   242 |   148 ||   636
Block: Buckler           |       |       |       |   165 |   252 ||   417
